 Dungeon Crawl Stone Soup version 0.27-a0-1149-g4505690ab0 (webtiles) character file.

Game seed: 14247023436978842609

60 geirmund the Cutter (level 4, -1/35 HPs)
             Began as a Human Berserker on May 9, 2021.
             Was a Believer of Trog.
             Succumbed to Jessica's poison
             ... on level 2 of the Dungeon on May 13, 2021.
             The game lasted 00:22:39 (2304 turns).

geirmund the Cutter (Human Berserker)               Turns: 2304, Time: 00:22:40

Health: -1/35      AC:  7    Str: 18    XL:     4   Next: 25%
Magic:  4/4        EV:  9    Int:  8    God:    Trog [**....]
Gold:   46         SH:  3    Dex: 12    Spells: 3/3 levels left

rFire    . . .     SeeInvis .   a - +0 short sword
rCold    . . .     Faith    .   l - +0 buckler
rNeg     . . .     Spirit   .   e - +0 scale mail
rPois    .         Reflect  .   j - +0 helmet
rElec    .         Harm     .   (no cloak)
rCorr    .         Rampage  .   (no gloves)
Will     .....                  (no boots)
Stlth    ..........             (no amulet)
HPRegen  0.11/turn              (no ring)
MPRegen  0.09/turn              (no ring)

@: lethally poisoned (-1 -> -13)
A: no striking features
a: Renounce Religion, Berserk, Trog's Hand


You were on level 2 of the Dungeon.
You worshipped Trog.
Trog was pleased with you.
You visited 1 branch of the dungeon, and saw 2 of its levels.

You collected 46 gold pieces.

Inventory:

Hand Weapons
 a - a +0 short sword (weapon)
 h - a +0 hand axe
Missiles
 d - 18 poisoned darts
Armour
 b - a +0 animal skin
 e - a +0 scale mail (worn)
 f - a +0 ring mail
 j - a +0 helmet (worn)
 l - a +0 buckler (worn)
Scrolls
 c - a scroll of acquirement {unknown}
 i - a scroll of enchant armour {unknown}
 k - a scroll of holy word {unknown}
 m - a scroll of fear {unknown}
Potions
 g - a potion of heal wounds {unknown}


   Skills:
 + Level 3.5 Fighting
 + Level 3.7 Short Blades
 + Level 2.4 Armour
 + Level 2.4 Dodging
 + Level 0.5 Stealth


You had 3 spell levels left.
You didn't know any spells.
Your spell library was empty.

Dungeon Overview and Level Annotations

Branches:
Dungeon (2/15)

Altars:

Annotations:
D:2 Jessica


Message History

You see here a quokka corpse.
A frilled lizard and Jessica come into view.
Jessica is wielding a +0 dagger of venom.
Jessica shouts!
The frilled lizard hisses angrily.
Jessica mumbles something strange.
Jessica gestures at you while chanting. Pain shoots through your body!
You see here 15 gold pieces.
Jessica closely misses you.
The frilled lizard bites you but does no damage.
Jessica hits you but does no damage.
You are poisoned.
You feel sick. The frilled lizard closely misses you.
Jessica hits you with a +0 dagger of venom.
You are more poisoned.
You hit Jessica.
Jessica is heavily wounded.
You feel very sick.
The frilled lizard bites you but does no damage.
Jessica closely misses you.
You hit Jessica but do no damage.
Jessica is heavily wounded.
You feel very sick. You block the frilled lizard's attack.
Jessica mumbles something strange.
Jessica hits you but does no damage.
You are lethally poisoned!
The frilled lizard bites you but does no damage.
* * * LOW HITPOINT WARNING * * *
You feel very sick.
* * * LOW HITPOINT WARNING * * *
You feel very sick.
Jessica mumbles some strange words.
Jessica blinks!
You hit the frilled lizard.
You kill the frilled lizard!
Trog accepts your kill.
* * * LOW HITPOINT WARNING * * *
You feel very sick.
You die...

###############
..............# ####
)...........#.# ...#
...########.#.# ###...###
#.## #.>....#(# #.@.....#
#.####.###..#.#####........
#.<....# #......@..§.......
#.####.###..#######$.....##
#..# #......# #.....## #..#
####.#.# #..#.## #..# #.#.#
#..#.# #..# #.#.# #..#.#
#..# #.#.#######..#.# #..#
#.#..†.........# #..#
#.#########)..##


There were no monsters in sight!

Vanquished Creatures
  An adder (D:2)
  A worm (D:2)
  3 dart slugs
  2 endoplasms (D:1)
  4 giant cockroaches
  2 goblins
  8 hobgoblins
  2 quokkas
  3 ball pythons
  3 bats
  2 frilled lizards
  3 kobolds
  7 rats
41 creatures vanquished.

Notes
Turn   | Place    | Note
-------+----------+-------------------------------------------
     0 | D:1      | geirmund the Human Berserker began the quest for the Orb.
     0 | D:1      | Reached XP level 1. HP: 18/18 MP: 1/1
    97 | D:1      | Reached XP level 2. HP: 10/24 MP: 2/2
   268 | D:1      | Upgraded the game from 0.27-a0-1140-g099f9bb0e8 to
                  | 0.27-a0-1149-g4505690ab0
   848 | D:1      | Reached XP level 3. HP: 24/29 MP: 3/3
  1211 | D:1      | Found a faded altar of an unknown god.
  1564 | D:2      | Reached ** piety under Trog
  2002 | D:2      | Reached XP level 4. HP: 35/35 MP: 4/4
  2292 | D:2      | Noticed Jessica
  2304 | D:2      | Succumbed to Jessica's poison

Illustrated notes

Levels and vault maps discovered:
D:1:      lightli_arrival_maybe_door_vault, layout_basic, basic_ecumenical_altar
D:2:      layout_loops_ring, uniq_jessica

Action                   |  1- 3 |  4- 6 || total
-------------------------+-------+-------++-------
Melee: Short sword       |   147 |    17 ||   164
Invok: Berserk           |     1 |       ||     1
Armor: Animal skin       |     6 |       ||     6
       Scale mail        |    30 |    13 ||    43
Dodge: Dodged            |    71 |     4 ||    75
Block: Buckler           |     8 |     2 ||    10

Table legend: (Time is in decaauts)
 A = Elapsed time spent in this place.
 B = Non-inter-level travel time spent in this place.
 C = Inter-level travel time spent in this place.
 D = Time resting spent in this place.
 E = Time spent auto-exploring this place.
 F = Levels seen in this place.
 G = Mean time per level.
                   A        B        C        D        E       F      G
               +--------+--------+--------+--------+--------+-----+--------+
         Total |   2309 |   2290 |     19 |      0 |      0 |   2 | 1154.5 |
       Dungeon |   2309 |   2290 |     19 |      0 |      0 |   2 | 1154.5 |
               +--------+--------+--------+--------+--------+-----+--------+

Top non-repeatable levels by time:
     D:1: 1578 daAuts
     D:2: 731 daAuts
